[Event "Turkish Championship 2019"]
[Site "Antalya-Kemer"]
[Date "2019.12.03"]
[Round "11.4"]
[White "Haznedaroglu, Kivanc"]
[Black "Cansun, Can Alp"]
[Result "1-0"]
[ECO "B90"]
[WhiteElo "2461"]
[BlackElo "2203"]
[Annotator "RC"]
[PlyCount "115"]
[EventDate "2019.11.23"]
[EventType "tourn"]
[EventCountry "TUR"]
[SourceTitle "playchess.com"]
[Source "ChessBase"]
[SourceQuality "1"]
[TimeControl "40/5400+30:1800+30"]

1. e4 c5 2. Nf3 Nc6 3. d4 cxd4 4. Nxd4 Qb6 5. Nb5 a6 6. Be3 Qd8 7. Nd4 Nf6 8. Nc3 d6 9. f3 e5 10. Nb3 Be6 11. Nd5 Bxd5 12. exd5 Ne7 13. c4 g6 14. Bd3 Bg7 15. O-O O-O 16. Nd2 Nh5 17. Qb3 Nf4 18. Rfe1 b5 19. Bf2 bxc4 20. Nxc4 Rb8 21. Qa3 Nexd5 22. Bf1 Nb4 23. Rac1 d5 24. Nxe5 Re8 25. Ng4 Rxe1 26. Bxe1 a5 27. Bg3 Qb6+ 28. Kh1 g5 29. Bf2 d4 30. Bg1 Nbd5 31. g3 Ne6 32. Bc4 Rc8 33. b3 Nc3 34. Qe7 Qd8 35. Qxd8+ Rxd8 36. Nf2 Nxa2 37. Ra1 Nb4 38. Rxa5 Nc6 39. Rd5 Ra8 40. Nd3 h6 41. f4 gxf4 42. gxf4 Ra1 43. h4 Ne7 44. Rb5 Bf6 45. f5 Nf8 46. Kg2 Rd1 47. Bf2 Rd2 48. Kf3 Nc8 49. Bg3 Nd7 50. Rb7 Ncb6 51. Bb5 Kg7 52. Bf4 Rxd3+ 53. Bxd3 Nc5 54. Rxb6 Nxd3 55. Bxh6+ Kxh6 56. Rxf6+ Kg7 57. Rd6 Nc5 58. b4 1-0